 Dungeon Crawl Stone Soup version 0.24-a0-136-gad582e5 (console) character file.

Game seed: 471391253579760529

86 Duffy the Chopper (level 4, -3/39 HPs)
             Began as a Naga Gladiator on Feb 28, 2019.
             Slain by a leopard gecko (4 damage)
             ... on level 4 of the Dungeon.
             The game lasted 00:00:54 (1174 turns).

Duffy the Chopper (Naga Gladiator)                  Turns: 1174, Time: 00:00:54

Health: -3/39      AC:  3    Str: 17    XL:     4   Next: 50%
Magic:  4/4        EV: 10    Int:  9    God:
Gold:   12         SH:  0    Dex: 12    Spells: 3/3 levels left

rFire    . . .     SeeInvis +   a - +0 war axe
rCold    . . .     Gourm    .   (no shield)
rNeg     . . .     Faith    .   b - +0 leather armour
rPois    +         Spirit   .   c - +0 helmet
rElec    .         Reflect  .   (no cloak)
rCorr    .         Harm     .   (no gloves)
MR       .....                  (no barding)
Stlth    +.........             (no amulet)
HPRegen  0.13/turn              (no ring)
MPRegen  0.09/turn              (no ring)

@: very slow
A: large, see invisible, deformed body, poison resistance, slowness 2, slow
metabolism 1, spit poison 1, AC +1
a: Spit Poison


You were on level 4 of the Dungeon.
You were not hungry.

You visited 1 branch of the dungeon, and saw 4 of its levels.

You collected 12 gold pieces.

Inventory:

Hand Weapons
 a - a +0 war axe (weapon)
Missiles
 d - 3 throwing nets (quivered)
Armour
 b - a +0 leather armour (worn)
 c - a +0 helmet (worn)
Scrolls
 e - 2 scrolls of remove curse {unknown}
 g - a scroll of enchant weapon {unknown}
 h - a scroll of magic mapping {unknown}
 i - a scroll of identify {unknown}
 j - 2 scrolls of noise {unknown}
Comestibles
 f - a ration


   Skills:
 - Level 2.0 Fighting
 + Level 5.1 Axes
 - Level 1.7 Throwing
 - Level 2.4 Dodging


You had 3 spell levels left.
You didn't know any spells.
Your spell library was empty.

Dungeon Overview and Level Annotations

Branches:
Dungeon (4/15)
 Temple: D:4-7

Altars:


Innate Abilities, Weirdness & Mutations

You cannot wear boots.
Your serpentine skin is tough. (AC +1)
You have supernaturally acute eyesight. (SInv)
Armour fits poorly on your strangely shaped body.
Your system is resistant to poisons. (rPois)
You cover ground very slowly.
You have a slow metabolism.
You can spit poison.


Message History

The leopard gecko is severely wounded.
The leopard gecko barely misses you.
You closely miss the leopard gecko.
The leopard gecko is severely wounded.
The leopard gecko barely misses you. The leopard gecko bites you.
You barely miss the leopard gecko.
The leopard gecko is severely wounded.
The leopard gecko bites you.
You miss the leopard gecko.
The leopard gecko is severely wounded.
You have got your breath back.
The leopard gecko bites you but does no damage.
The leopard gecko barely misses you.
You closely miss the leopard gecko.
The leopard gecko is severely wounded.
The leopard gecko barely misses you. x2
You miss the leopard gecko.
The leopard gecko is severely wounded.
The leopard gecko bites you.
You die...

##........ .....
#........##.....
.....#........
#..#........
#.##...%.......
#..<....<.......
.....###........
.... #l####...
..# #.@# .. .
#).# #....
..##... ..##
###.. .#. # #...
./..


You could see a leopard gecko.

Vanquished Creatures
  A hound (D:4)
  A worker ant (D:4)
  An adder (D:3)
  A dart slug (D:3)
  2 orcs
  A bat (D:2)
  2 giant cockroaches
  A goblin (D:2)
  2 hobgoblins
  3 jackals (D:3)
  2 kobolds
  A quokka (D:4)
  2 rats (D:3)
20 creatures vanquished.

Notes
Turn   | Place    | Note
-------+----------+-------------------------------------------
     0 | D:1      | Duffy the Naga Gladiator began the quest for the Orb.
     0 | D:1      | Reached XP level 1. HP: 19/19 MP: 1/1
   316 | D:3      | Reached XP level 2. HP: 26/26 MP: 2/2
   495 | D:3      | Reached skill level 4 in Axes
   495 | D:3      | Reached XP level 3. HP: 16/32 MP: 3/3
  1161 | D:4      | Reached skill level 5 in Axes
  1161 | D:4      | Reached XP level 4. HP: 12/39 MP: 4/4
  1171 | D:4      | HP: 1/39 [leopard gecko (2)]
  1174 | D:4      | Slain by a leopard gecko

Levels and vault maps discovered:
D:1:      dpeg_arrival_refuge, layout_basic, minmay_misc_feat_columns,
          grunt_decor_cap
D:2:      layout_loops_ring, overflow_temple_1_default, serial_forest,
          infiniplex_forest_clump_double, infiniplex_forest_lined_3,
          infiniplex_forest_straight_5, infiniplex_forest_straight_1,
          infiniplex_forest_zigzag_1, grunt_gozag_breadcrumbs
D:3:      layout_basic, serial_glass, glass_columns_a, glass_columns_b,
          nicolae_qazlal_eye_of_the_storm
D:4:      layout_cave_pools, minmay_temple_entry_wispy, ebering_ghost_gozag,
          first_ration

Skill      XL: |  1  2  3 |
---------------+----------+-----
Axes           | 4 5 |  5.1
Fighting       | |  2.0
Throwing       | |  1.7
Dodging        | |  2.4

Action                   |  1- 3 |  4- 6 || total
-------------------------+-------+-------++-------
Melee: War axe           |    63 |    12 ||    75
 Abil: Spit Poison       |     5 |     1 ||     6
Armor: Leather armour    |    16 |     4 ||    20
Dodge: Dodged            |    48 |    10 ||    58

Table legend:
 A = Non-vault XP
 B = Vault XP
 C = Vault XP percentage of total XP
 D = Non-vault monster count
 E = Vault monster count
 F = Vault count percentage of total count
                 A         B        C        D         E       F
            +---------+---------+-------+---------+---------+-------
      Total |     124 |       0 |   0.0 |      20 |       0 |   0.0
            +---------+---------+-------+---------+---------+-------
        D:2 |       8 |       0 |   0.0 |       4 |       0 |   0.0
        D:3 |      33 |       0 |   0.0 |      11 |       0 |   0.0
        D:4 |      83 |       0 |   0.0 |       5 |       0 |   0.0
            +---------+---------+-------+---------+---------+-------
